 Dungeon Crawl Stone Soup version 0.31.0-11-ge490571c62 (webtiles) character file.

Game seed: 2070372785565224771

11701 Ashen the Covert (level 11, -1/83 HPs)
             Began as a Gnoll Enchanter on Feb 2, 2024.
             Was a Priest of Uskayaw.
             Slain by an orc warrior
             ... wielding a +2 halberd of flaming
              (4 damage)
             ... on level 10 of the Dungeon.
             The game lasted 00:31:40 (11984 turns).

Ashen the Covert (Gnoll Enchanter)                 Turns: 11984, Time: 00:31:42

Health: -1/83      AC:  6    Str:  7    XL:     11   Next: 81%
Magic:  0/23       EV: 17    Int: 16    God:    Uskayaw [***...]
Gold:   722        SH:  0    Dex: 22    Spells: 14/27 levels left

rFire   . . .        a - +1 dagger
rCold   . . .        (no shield)
rNeg    . . .        C - +0 troll leather armour
rPois   .            (no helmet)
rElec   .            D - +0 cloak
rCorr   .            k - +0 pair of gloves
SInv    .            (no boots)
Will    .....        (no amulet)
Stlth   ++++         t - ring of flight
HPRegen 1.13/turn    m - +6 ring of dexterity
MPRegen 0.18/turn

%: no passive effects
@: confusing by touch, flying
A: fangs 1, strong nose, distributed training
a: Renounce Religion, Stomp, Line Pass


You were on level 10 of the Dungeon.
You worshipped Uskayaw.
Uskayaw was noncommittal.
You visited 2 branches of the dungeon, and saw 11 of its levels.
You also visited: Bailey.

You collected 722 gold pieces.

Inventory:

Hand Weapons
 a - a +1 dagger (weapon)
 p - a +1 short sword of venom
 E - a +1 short sword of holy wrath
Missiles
 u - 3 throwing nets (quivered)
 I - a curare-tipped dart
Armour
 k - a +0 pair of gloves (worn)
 C - a +0 troll leather armour (worn)
 D - a +0 cloak (worn)
Jewellery
 m - a +6 ring of dexterity (right hand)
 t - a ring of flight (left hand)
Wands
 c - a wand of flame (20)
 y - a wand of paralysis (8)
 K - a wand of quicksilver (6)
Scrolls
 b - a scroll of silence {unknown}
 d - 12 scrolls of identify {unknown}
 g - 3 scrolls of fear {unknown}
 j - 4 scrolls of teleportation {unknown}
 n - a scroll of torment {unknown}
 q - 2 scrolls of enchant weapon {unknown}
 r - a scroll of butterflies {unknown}
 v - 2 scrolls of revelation {unknown}
 x - 2 scrolls of noise {unknown}
 z - 3 scrolls of blinking {unknown}
 F - a scroll of enchant armour {unknown}
 G - a scroll of fog {unknown}
Potions
 e - 2 potions of might {unknown}
 f - 8 potions of heal wounds {unknown}
 h - a potion of degeneration {unknown}
 i - a potion of resistance {unknown}
 l - 4 potions of brilliance {unknown}
 o - 4 potions of lignification {unknown}
 s - a potion of magic {unknown}
 w - 3 potions of curing {unknown}
 A - a potion of haste {unknown}
 B - a potion of cancellation {unknown}
 J - a potion of mutation {unknown}
Miscellaneous
 H - a phantom mirror


   Skills:
 + Level 6.9 Fighting
 + Level 7.4 Short Blades
 + Level 6.9 Long Blades
 + Level 6.9 Axes
 + Level 6.9 Maces & Flails
 + Level 6.9 Polearms
 + Level 6.9 Staves
 + Level 6.9 Ranged Weapons
 + Level 6.9 Throwing
 + Level 6.9 Armour
 + Level 8.4 Dodging
 + Level 9.2 Stealth
 + Level 6.9 Shields
 + Level 6.9 Unarmed Combat
 + Level 8.6 Spellcasting
 + Level 5.7 Conjurations
 + Level 8.0 Hexes
 + Level 5.7 Summonings
 + Level 5.7 Necromancy
 + Level 5.7 Translocations
 + Level 5.7 Fire Magic
 + Level 5.7 Ice Magic
 + Level 5.7 Air Magic
 + Level 5.7 Earth Magic
 + Level 5.7 Alchemy
 + Level 7.5 Invocations
 + Level 6.9 Evocations
 + Level 6.3 Shapeshifting


You had 14 spell levels left.
You knew the following spells:

 Your Spells              Type           Power      Damage    Failure   Level
a - Ensorcelled Hibernat  Hex/Ice        56%        N/A       1%          2
b - Confusing Touch       Hex            32%        N/A       1%          3
c - Tukima's Dance        Hex            32%        N/A       1%          3
d - Dazzling Flash        Conj/Hex       56%        N/A       2%          3
e - Blink                 Tloc           50%        N/A       2%          2

Your spell library contained the following spells:

 Spells                   Type           Power      Damage    Failure   Level
 Magic Dart               Conj           100%       1d8       1%          1
 Sandblast                Erth           50%        2d12      1%          1
 Sting                    Conj/Alch      100%       1d9       1%          1
 Call Imp                 Summ           50%        N/A       2%          2
 Mercury Vapours          Alch/Air       50%        N/A       2%          2
 Fugue of the Fallen      Necr           25%        N/A       4%          3
 Ozocubu's Armour         Ice            25%        N/A       4%          3
 Passwall                 Erth           25%        N/A       4%          3
 Stone Arrow              Conj/Erth      50%        3d10      4%          3
 Dimensional Bullseye     Hex/Tloc       14%        N/A       9%          4
 Brom's Barrelling Bould  Conj/Erth      25%        2d5       14%         4
 Iskenderun's Mystic Bla  Conj/Tloc      25%        2d7       14%         4
 Leda's Liquefaction      Alch/Erth      12%        N/A       14%         4
 Manifold Assault         Tloc           25%        N/A       14%         4
 Olgreb's Toxic Radiance  Alch           25%        N/A       14%         4
 Petrify                  Alch/Erth      25%        N/A       14%         4
 Lee's Rapid Deconstruct  Erth           12%        3d9*      36%         5
 Bombard                  Conj/Erth      12%        9d3       91%         6
 Summon Hydra             Summ           12%        N/A       100%        7


Dungeon Overview and Level Annotations

Branches:
Dungeon (10/15)            Temple (1/1) D:5            Lair (0/5) D:9
 Bailey (visited)
    Orc: D:9-12

Altars:
Ashenzari
Cheibriados
Elyvilon
Fedhas
Gozag
Hepliaklqana
Kikubaaqudgha
Makhleb
Nemelex Xobeh
Okawaru
Qazlal
Ru
Sif Muna
Trog
Uskayaw
Vehumet
Wu Jian
Xom
Yredelemnul
Zin
Jiyva

Shops:
D:7 (

Annotations:
D:8 2 transporters
D:9 2 transporters, Swippen's ghost, novice GnFi


Innate Abilities, Weirdness & Mutations

You have very sharp teeth.
Your uncanny sense of smell can sniff out nearby items.
Your experience applies equally to all skills.


Message History

The cane toad looks drowsy...
The helpless cane toad fails to defend itself.
You perforate the cane toad like a sieve!!!
You kill the cane toad!
The yak is no longer blind.
You barely miss the yak. The yak closely misses you.
You catch the helpless yak completely off-guard!
You stick the yak like a pincushion!!!
The yak is almost dead.
Uskayaw will force your foes to helplessly watch your dance.
Uskayaw prepares the audience for your solo!
The helpless yak fails to defend itself.
You spit the yak like a pig!!!!
You kill the yak!
Casting: Ensorcelled Hibernation (safe; 1% risk of failure)
Confirm with . or Enter, or press ? or * to list all spells.
Aiming: Ensorcelled Hibernation (safe; 1% risk of failure)
Press: ? - help, Shift-Dir - straight line, f - orc warrior
Aim: an orc warrior, wielding a +2 halberd of flaming and wearing a +0 plate armour (chance to affect: 59%)
Okay, then.
Casting: Ensorcelled Hibernation (safe; 1% risk of failure)
Confirm with . or Enter, or press ? or * to list all spells.
Your hands begin to glow red.
The howler monkey is no longer paralysed.
The orc warrior hits you with a +2 halberd of flaming!
* * * LOW HITPOINT WARNING * * *
The orc warrior burns you.
* * * LOW HITPOINT WARNING * * *
A two-headed ogre comes into view.
It is wielding a +0 giant club and a +0 dire flail.
The howler monkey hoots and howls with incredible vigour!
You hear a shout! x2
You hit the orc warrior but do no damage.
Your bite misses the orc warrior.
You hit the orc warrior but do no damage.
You bite the orc warrior, but do no damage.
The yak is no longer paralysed.
The orc warrior hits you with a +2 halberd of flaming!
* * * LOW HITPOINT WARNING * * *
The orc warrior burns you.
You die... #<...... .._# # #......# hY.

.# #.....[# ..##.#
#......# #.#..#
#......# ∆ #.).#
)##......# ##O.#
.........####h.##
###...†.....oY.#
#..........@#..#
..#.........#.####
........###......#
###.....# #......#
+.....# #......#
####..>..#
#......#
####.....#...#
#).....# .....
...#...# #..##.##
...# ##.# ..
#.###.#


You could see a two-headed ogre, a yak, an orc warrior and a howler monkey.

Vanquished Creatures
  A centaur warrior (D:10)
  An orc knight (Bailey)
  A deep elf zephyrmancer (Bailey)
  A cane toad (shapeshifter) (D:10)
  A gargoyle (D:10)
  Jeremiah (D:6)
  3 trolls
  21 yaks
  3 wyverns (D:9)
  4 vampire mosquitoes (D:10)
  An acid dragon (D:8)
  2 water moccasins
  Duvessa (D:6)
  A sky beast (D:7)
  An ice beast (D:6)
  2 black bears
  6 orc warriors
  An ogre (D:6)
  3 wolves (D:9)
  2 phantoms
  6 centaurs
  2 kobold brigands
  A gnoll sergeant (D:9)
  5 bullfrogs
  4 scorpions
  3 wights (D:8)
  Dowan (D:6)
  5 killer bees (D:10)
  4 howler monkeys
  2 gnoll boudas
  6 orc priests
  5 bombardier beetles
  3 hounds
  A jelly (D:7)
  A sleepcap (D:6)
  An iguana (D:9)
  11 orc wizards
  3 adders
  13 gnolls
  A shadow imp (D:6)
  7 dart slugs
  2 ribbon worms (D:2)
  31 orcs
  7 endoplasms
  2 giant cockroaches (D:3)
  8 goblins
  5 hobgoblins
  9 jackals
  17 kobolds
  2 quokkas (D:1)
  8 ball pythons
  3 bats
  4 frilled lizards
  10 rats
250 creatures vanquished.

Vanquished Creatures (collateral kills)
  An orc warrior (Bailey)
  A centaur (D:9)
  An orc priest (D:9)
  2 orcs (Bailey)
5 creatures vanquished.

Vanquished Creatures (others)
  3 dancing weapons
  An orc (D:9)
  A kobold (D:9)
5 creatures vanquished.

Grand Total: 260 creatures vanquished

Notes
Turn   | Place    | Note
-------+----------+-------------------------------------------
     0 | D:1      | Ashen the Gnoll Enchanter began the quest for the Orb.
     0 | D:1      | Reached XP level 1. HP: 13/13 MP: 6/6
    40 | D:1      | Found a faded altar of an unknown god.
    61 | D:1      | Reached XP level 2. HP: 7/19 MP: 7/7
    71 | D:1      | Learned a level 2 spell: Ensorcelled Hibernation
   555 | D:1      | Reached skill level 5 in Spellcasting
   555 | D:1      | Reached XP level 3. HP: 25/25 MP: 7/9
   629 | D:1      | Reached skill level 6 in Stealth
   834 | D:1      | Reached skill level 1 in Invocations
  1107 | D:2      | Found an opulent altar of Gozag.
  1376 | D:2      | Reached skill level 1 in Fighting
  1376 | D:2      | Reached skill level 1 in Long Blades
  1376 | D:2      | Reached skill level 1 in Axes
  1376 | D:2      | Reached skill level 1 in Maces & Flails
  1376 | D:2      | Reached skill level 1 in Polearms
  1376 | D:2      | Reached skill level 1 in Staves
  1376 | D:2      | Reached skill level 1 in Ranged Weapons
  1376 | D:2      | Reached skill level 1 in Throwing
  1376 | D:2      | Reached skill level 1 in Armour
  1376 | D:2      | Reached skill level 1 in Shields
  1376 | D:2      | Reached skill level 1 in Unarmed Combat
  1376 | D:2      | Reached skill level 1 in Evocations
  1562 | D:2      | Reached skill level 1 in Shapeshifting
  1562 | D:2      | Reached XP level 4. HP: 32/32 MP: 8/11
  2130 | D:2      | Learned a level 3 spell: Confusing Touch
  2134 | D:2      | Learned a level 3 spell: Tukima's Dance
  2138 | D:2      | Learned a level 3 spell: Dazzling Flash
  2141 | D:2      | Learned a level 2 spell: Blink
  2580 | D:3      | Got Hezuom Uciec's Reference Book on Called Contamination
  2650 | D:3      | Reached skill level 1 in Conjurations
  2650 | D:3      | Reached skill level 1 in Summonings
  2650 | D:3      | Reached skill level 1 in Necromancy
  2650 | D:3      | Reached skill level 1 in Translocations
  2650 | D:3      | Reached skill level 1 in Fire Magic
  2650 | D:3      | Reached skill level 1 in Ice Magic
  2650 | D:3      | Reached skill level 1 in Air Magic
  2650 | D:3      | Reached skill level 1 in Earth Magic
  2650 | D:3      | Reached skill level 1 in Alchemy
  2658 | D:3      | HP: 1/32 [goblin/+0 dagger (3)]
  2993 | D:3      | Found a snail-covered altar of Cheibriados.
  3008 | D:3      | Found a glowing silver altar of Zin.
  3295 | D:3      | Reached XP level 5. HP: 33/37 MP: 12/12
  3475 | D:3      | Found a burning altar of Makhleb.
  3475 | D:3      | Found a broken altar of Ashenzari.
  3875 | D:4      | Noticed a centaur
  3879 | D:4      | Killed a centaur
  3880 | D:4      | Reached skill level 5 in Dodging
  3880 | D:4      | Reached XP level 6. HP: 44/44 MP: 14/14
  4363 | D:4      | Found an ancient bone altar of Kikubaaqudgha.
  4455 | D:3      | Found a bloodstained altar of Trog.
  4499 | D:5      | Entered Level 5 of the Dungeon
  4528 | D:4      | Reached XP level 7. HP: 51/51 MP: 12/15
  4586 | D:5      | Found an opulent altar of Gozag.
  5388 | D:5      | Found a staircase to the Ecumenical Temple.
  5474 | Temple   | Entered the Ecumenical Temple
  5483 | Temple   | Became a worshipper of Uskayaw the Reveller
  5578 | D:5      | Reached * piety under Uskayaw
  5783 | D:5      | Reached ** piety under Uskayaw
  6062 | D:5      | Found a staircase to the Ecumenical Temple.
  6402 | D:5      | Found an opulent altar of Gozag.
  6676 | D:6      | Reached XP level 8. HP: 49/58 MP: 16/16
  6709 | D:6      | Noticed Jeremiah
  6741 | D:6      | Killed Jeremiah
  6778 | D:6      | Noticed Dowan
  6800 | D:6      | Noticed Duvessa
  6802 | D:6      | Found a sparkling altar of Nemelex Xobeh.
  6803 | D:6      | Killed Duvessa
  6804 | D:6      | Reached skill level 7 in Stealth
  6806 | D:6      | Killed Dowan
  7245 | D:6      | Reached XP level 9. HP: 51/65 MP: 8/18
  7444 | D:6      | Reached *** piety under Uskayaw
  7498 | D:6      | Found a sacrificial altar of Ru.
  7557 | D:6      | Found an ornate altar of the Wu Jian Council.
  7582 | D:6      | Reached skill level 5 in Short Blades
  7896 | D:7      | Noticed a troll
  7903 | D:7      | Killed a troll
  7972 | D:7      | Found a flagged portal.
  7984 | D:7      | Reached skill level 5 in Invocations
  8012 | Bailey   | Entered a bailey
  8202 | Bailey   | Noticed an orc knight
  8226 | Bailey   | Killed an orc knight
  8227 | Bailey   | Reached skill level 5 in Fighting
  8227 | Bailey   | Reached skill level 5 in Long Blades
  8227 | Bailey   | Reached skill level 5 in Axes
  8227 | Bailey   | Reached skill level 5 in Maces & Flails
  8227 | Bailey   | Reached skill level 5 in Polearms
  8227 | Bailey   | Reached skill level 5 in Staves
  8227 | Bailey   | Reached skill level 5 in Ranged Weapons
  8227 | Bailey   | Reached skill level 5 in Throwing
  8227 | Bailey   | Reached skill level 5 in Armour
  8227 | Bailey   | Reached skill level 5 in Shields
  8227 | Bailey   | Reached skill level 5 in Unarmed Combat
  8227 | Bailey   | Reached skill level 5 in Evocations
  8227 | Bailey   | Reached XP level 10. HP: 59/74 MP: 5/20
  8378 | Bailey   | Found a large runed translucent door.
  8378 | Bailey   | Found a large runed translucent door.
  8379 | Bailey   | Noticed a deep elf zephyrmancer
  8390 | Bailey   | Reached skill level 8 in Stealth
  8432 | Bailey   | Killed a deep elf zephyrmancer
  8438 | Bailey   | Identified the +0 cloak of the Monk {rCorr}
  8515 | D:7      | Found Pomituso's Antique Weapon Shop.
  9017 | D:7      | Found a hazy altar of Hepliaklqana.
  9131 | D:7      | Reached skill level 5 in Shapeshifting
  9131 | D:7      | Reached **** piety under Uskayaw
  9628 | D:8      | Found a transporter.
  9637 | D:8      | Found a transporter.
  9637 | D:8      | Found a viscous altar of Jiyva.
  9637 | D:8      | Noticed a glowing orange brain
 10089 | D:8      | Reached skill level 5 in Conjurations
 10089 | D:8      | Reached skill level 5 in Summonings
 10089 | D:8      | Reached skill level 5 in Necromancy
 10089 | D:8      | Reached skill level 5 in Translocations
 10089 | D:8      | Reached skill level 5 in Fire Magic
 10089 | D:8      | Reached skill level 5 in Ice Magic
 10089 | D:8      | Reached skill level 5 in Air Magic
 10089 | D:8      | Reached skill level 5 in Earth Magic
 10089 | D:8      | Reached skill level 5 in Alchemy
 10089 | D:8      | Reached XP level 11. HP: 71/81 MP: 12/22
 10822 | D:9      | Found a blossoming altar of Fedhas.
 10912 | D:9      | Reached ***** piety under Uskayaw
 11030 | D:9      | Found a stormy altar of Qazlal.
 11081 | D:9      | Found a staircase to the Lair.
 11122 | D:9      | Found a transporter.
 11123 | D:9      | Noticed Swippen's ghost (novice GnFi)
 11123 | D:9      | Noticed a two-headed ogre
 11126 | D:9      | Noticed a two-headed ogre
 11126 | D:9      | Identified the +3 dire flail "Sull" {freeze, rF+ Int+4}
 11126 | D:9      | Noticed a two-headed ogre
 11192 | D:9      | Reached skill level 9 in Stealth
 11236 | D:9      | Identified the blade talisman "Zeobbur" {Int+2}
 11369 | D:9      | Identified the amulet "Gusoloj" {RegenMP ^Fragile rElec
                  | rC+++ Str+3}
 11632 | D:9      | Found a transporter.
 11672 | D:10     | Entered Level 10 of the Dungeon
 11906 | D:10     | Found a shimmering blue altar of Sif Muna.
 11906 | D:10     | Noticed a centaur warrior
 11957 | D:10     | a rime drake changed into a fire crab
 11957 | D:10     | Noticed a fire crab (shapeshifter)
 11961 | D:10     | a fire crab changed into something unseen
 11975 | D:10     | Killed a centaur warrior
 11982 | D:10     | Noticed a two-headed ogre
 11984 | D:10     | HP: 3/83 [orc warrior/+2 halberd of flaming (12)]
 11984 | D:10     | Slain by an orc warrior

Illustrated notes

Levels and vault maps discovered:
D:1:      amcnicky_arrival_single_pillar, layout_loops_corners,
          nicolae_ecumenical_snake_handling, solitary_fountain, minivault_19
D:2:      layout_basic, basic_altar, serial_co_window_serial, co_window_paths_b,
          co_window_paths_a, co_window_of_opportunity_a, co_window_paths_a,
          co_window_corner_a, co_window_paths_c, co_window_of_opportunity_b,
          co_window_corner_b, co_window_broadway_b, co_window_4corner_b,
          glass_columns_a, glass_columns_a, glass_columns_a, glass_columns_b,
          glass_columns_b
D:3:      layout_loops_ring, nicolae_overflow_hidden_temple
D:4:      layout_gridville, mainiacjoe_overflow_alcove_4
D:5:      layout_loops_corners, lemuel_coloured_pillars_altar, temple_pool_b,
          minmay_misc_feat_tiny, st_stairs_14
D:6:      layout_basic, nicolae_ru_the_path_less_chosen,
          nemelex_xobeh_ov_fountains_minmay,
          mainiacjoe_overflow_concentric_impassable, uniq_jeremiah, uniq_duvessa
D:7:      layout_loops_cross, general_overflow_altar, enter_bailey_5,
          serial_shops, nicolae_lakefront_shop
D:8:      gammafunk_jiyva_shrine, layout_loops_cross, chequers_arboretum
D:9:      layout_grid_maze, old_standard_altar,
          mainiacjoe_overflow_six_doors_small, minmay_lair_entry_grove,
          gammafunk_ghost_smash
D:10:     layout_rooms, grunt_dithmenos_smoke, mainiacjoe_overflow_alcove_1,
          mainiacjoe_overflow_surrounded_room, minmay_orc_entry_temple_small,
          amcnicky_mini_corridor_feature, minmay_ruined_shrine
Temple:   nicolae_temple_ecumenical_triangle

Skill      XL: |  1  2  3  4  5  6  7  8  9 10 11 |
---------------+----------------------------------+-----
Spellcasting   | 5 6 7 8 |  8.6
Stealth        | 6 7 8 9 |  9.2
Invocations    | 1 2 3 4 5 6 7 |  7.5
Fighting       | 1 2 3 5 6 |  6.9
Long Blades    | 1 2 3 5 6 |  6.9
Axes           | 1 2 3 5 6 |  6.9
Maces & Flails | 1 2 3 5 6 |  6.9
Polearms       | 1 2 3 5 6 |  6.9
Staves         | 1 2 3 5 6 |  6.9
Ranged Weapons | 1 2 3 5 6 |  6.9
Throwing       | 1 2 3 5 6 |  6.9
Armour         | 1 2 3 5 6 |  6.9
Shields        | 1 2 3 5 6 |  6.9
Unarmed Combat | 1 2 3 5 6 |  6.9
Evocations     | 1 2 3 5 6 |  6.9
Shapeshifting  | 1 2 3 4 5 6 |  6.3
Conjurations   | 1 2 3 4 5 |  5.7
Summonings     | 1 2 3 4 5 |  5.7
Necromancy     | 1 2 3 4 5 |  5.7
Translocations | 1 2 3 4 5 |  5.7
Fire Magic     | 1 2 3 4 5 |  5.7
Ice Magic      | 1 2 3 4 5 |  5.7
Air Magic      | 1 2 3 4 5 |  5.7
Earth Magic    | 1 2 3 4 5 |  5.7
Alchemy        | 1 2 3 4 5 |  5.7
Short Blades   | 3 4 5 6 7 |  7.4
Dodging        | 5 6 7 8 |  8.4
Hexes          | 6 7 8 |  8.0

Action                     |  1- 3 |  4- 6 |  7- 9 | 10-12 || total
---------------------------+-------+-------+-------+-------++-------
  Melee: Dagger            |   128 |   161 |   177 |   419 ||   885
         Bite              |     5 |    13 |    25 |    66 ||   109
         Punch             |       |     3 |     6 |    20 ||    29
   Cast: Ensorcelled Hiber |    17 |    41 |    44 |    61 ||   163
         Tukima's Dance    |       |     4 |     5 |     6 ||    15
         Confusing Touch   |       |     4 |    12 |    25 ||    41
         Dazzling Flash    |       |       |     6 |    25 ||    31
    Use: Potion            |       |     2 |       |       ||     2
   Stab: Sleeping          |    23 |    30 |    30 |    34 ||   117
         Invisible         |       |     6 |     9 |    24 ||    39
         Confused          |       |     5 |     8 |    20 ||    33
         Paralysed         |       |       |     3 |    14 ||    17
         Distracted        |       |       |     1 |       ||     1
 Armour: Robe              |    52 |    78 |    29 |       ||   159
         Leather armour    |       |       |    31 |       ||    31
         Troll leather arm |       |       |    28 |   213 ||   241
  Dodge: Dodged            |    88 |   107 |   135 |   294 ||   624
